 Dungeon Crawl Stone Soup version 0.30-a0-800-g7c544603b3 (webtiles) character file.

Game seed: 2258321815662007017

4267 cforsyth the Slicer (level 10, -8/65 HPs)
             Began as a Kobold Brigand on Feb 23, 2023.
             Was a Follower of Dithmenos.
             Killed from afar by a gargoyle (14 damage)
             ... with a stone arrow
             ... on level 7 of the Dungeon.
             The game lasted 00:12:47 (7589 turns).

cforsyth the Slicer (Kobold Brigand)                Turns: 7589, Time: 00:12:48

Health: -8/65      AC:  5    Str:  9    XL:     10   Next: 56%
Magic:  19/19      EV: 22    Int: 15    God:    Dithmenos [*.....]
Gold:   382        SH:  0    Dex: 24    Spells: 9/9 levels left

rFire   . . .      SeeInvis .    a - +2 dagger
rCold   . . .      Faith    .    (no shield)
rNeg    . . .      Spirit   .    q - +0 leather armour {rPois}
rPois   +          Reflect  .    (no helmet)
rElec   .          Harm     .    c - +0 cloak
rCorr   .          Rampage  .    (no gloves)
Will    .....                    D - +0 pair of boots
Stlth   +++++++                  (no amulet)
HPRegen 0.30/turn                k - +4 ring of slaying
MPRegen 0.16/turn                s - ring "Plog" {MP+9 Int+3 Dex+3}

@: about to teleport, wreathed by umbra
A: small, no large weapons, nightstalker 3
a: Renounce Religion


You were on level 7 of the Dungeon.
You worshipped Dithmenos.
Dithmenos was aware of your devotion.
You visited 2 branches of the dungeon, and saw 8 of its levels.

You collected 382 gold pieces.

Inventory:

Hand Weapons
 a - a +2 dagger (weapon)
Missiles
 d - 22 poisoned darts (quivered)
 e - 3 curare-tipped darts
 w - 2 atropa-tipped darts
Armour
 c - a +0 cloak (worn)
 q - a +0 leather armour of poison resistance (worn)
 D - a +0 pair of boots (worn)
Jewellery
 f - a ring of flight
 k - a +4 ring of slaying (left hand)
 r - an amulet of reflection
 s - the ring "Plog" (right hand) {MP+9 Int+3 Dex+3}
   (You found it on level 2 of the Dungeon)

   [ring of magical power]

   Int:       It affects your intelligence (+3).
   Dex:       It affects your dexterity (+3).
   MP:        It affects your magic capacity (+9).
 u - a ring of protection from cold
Wands
 C - a wand of digging (7)
 G - a wand of paralysis (18)
 J - a wand of flame (15)
 K - a wand of iceblast (3)
Scrolls
 b - 2 scrolls of enchant weapon {unknown}
 h - a scroll of vulnerability {unknown}
 n - 2 scrolls of immolation
 o - 2 scrolls of teleportation
 p - a scroll of noise {unknown}
 t - a scroll of fear
 y - 2 scrolls of identify
 B - 2 scrolls of poison
 H - a scroll of magic mapping {unknown}
Potions
 g - 3 potions of lignification
 i - 2 potions of curing
 j - a potion of brilliance
 l - a potion of might
 m - a potion of resistance {unknown}
 v - 3 potions of flight
 x - a potion of cancellation {unknown}
 z - 2 potions of mutation {unknown}
 A - 2 potions of magic {unknown}
 E - 2 potions of invisibility
 F - a potion of ambrosia {unknown}
 I - a potion of attraction {unknown}


   Skills:
 + Level 8.8 Fighting
 + Level 10.4 Short Blades
 - Level 2.1 Throwing
 + Level 9.3 Dodging
 - Level 10.2 Stealth


You had 9 spell levels left.
You didn't know any spells.
Your spell library contained the following spells:

 Spells                   Type           Power      Damage    Failure   Level
 Freeze                   Ice            0%         1d3       36%         1
 Sublimation of Blood     Necr           0%         N/A       50%         2
 Wereblood                Tmut           0%         N/A       50%         2
 Frozen Ramparts          Ice            0%         1d1       75%         3
 Hailstorm                Conj/Ice       0%         3d3       75%         3
 Summon Hydra             Summ           0%         N/A       100%        7


Dungeon Overview and Level Annotations

Branches:
Dungeon (7/15)             Temple (1/1) D:4

Altars:
Ashenzari
Cheibriados
Dithmenos
Elyvilon
Fedhas
Hepliaklqana
Kikubaaqudgha
Nemelex Xobeh
Okawaru
Qazlal
Ru
Sif Muna
Vehumet
Wu Jian
Yredelemnul
Zin
The Shining One

Shops:
D:7 ?


Innate Abilities, Weirdness & Mutations

You are small and have problems with some larger weapons.
You are completely attuned to the shadows.


Message History

The necrophage is almost destroyed.
You puncture the necrophage!
You destroy the necrophage!
Dithmenos accepts your kill.
No target in view!
No target in view!
No target in view!
No target in view!
No target in view!
No target in view!
No target in view! 2 gargoyles and an orc wizard come into view.
Found a glowing falchion, a short runed staff and a phantom mirror.
A centaur and a gargoyle come into view.
Found distressingly furry ice dragon scales and a runed chain mail.
A howler monkey and a vampire mosquito come into view.
Found a shimmering hand axe and a book of Air.
The helpless gargoyle fails to defend itself.
You spit the gargoyle like a pig!!!!
You destroy the gargoyle!
Dithmenos accepts your kill.
The orc wizard shouts!
The centaur shouts!
The howler monkey howls!
The centaur wields a +0 shortbow.
The centaur shoots an arrow.
The arrow barely misses you.
The gargoyle hurls a stone arrow at you.
The stone arrow hits you!!
The orc wizard points at you and mumbles some strange words.
The puff of flame hits you!
A slime creature comes into view.
The centaur shoots an arrow.
The arrow hits you.
You hear an angry buzzing noise.
As you read the scroll of teleportation, it crumbles to dust.
You feel strangely unstable.
The gargoyle hurls a stone arrow at you.
The stone arrow hits you!!
* * * LOW HITPOINT WARNING * * *
Okay, then.
The gargoyle hurls a stone arrow at you.
The stone arrow hits you!
You die...

...#..###
#.###.#.#.#.### #...###
.# #..........# #..## .#
##.#.#.#.### #.... .#.#
#.#.#.### ...###
#.#.###.#[### .....###
#.#.#..### .......###
#.#.### ###.
...###...####.######c[:#
...........###..@..9J#
##.....##....#######o9)#
##.....##.......### ###.
#.....#..........###
###...........###...###
#..#..........####....#
.........##...#..#.....
........#####..........
........######.#.......


You could see a slime creature, a gargoyle, a centaur and an orc wizard.

Vanquished Creatures
  A two-headed ogre (D:7)
  Pikel (D:5)
  A gargoyle (D:7)
  A hornet (D:7)
  Grinder (D:4)
  Sigmund (D:2)
  A sky beast (D:7)
  2 black bears (D:7)
  An orc warrior (D:5)
  2 centaurs (D:7)
  3 ogres
  2 lemures
  2 kobold brigands
  2 bullfrogs (D:7)
  3 necrophages
  5 scorpions
  A wight (D:6)
  3 howler monkeys
  A bullfrog zombie (D:5)
  A hound (D:5)
  A jelly (D:6)
  2 orc priests (D:6)
  Jessica (D:3)
  Natasha (thrice) (D:4)
  3 iguanas
  5 orc wizards
  A killer bee zombie (D:5)
  7 adders
  A white imp (D:6)
  2 ufetubi
  2 worms (D:2)
  4 dart slugs
  13 orcs
  4 bats
  14 endoplasms
  7 giant cockroaches
  12 hobgoblins
  8 jackals
  13 kobolds
  3 quokkas
  16 ball pythons
  6 frilled lizards
  5 goblins
  6 rats
174 creatures vanquished.

Vanquished Creatures (others)
  A wight (D:7)
1 creature vanquished.

Grand Total: 175 creatures vanquished

Notes
Turn   | Place    | Note
-------+----------+-------------------------------------------
     0 | D:1      | cforsyth the Kobold Brigand began the quest for the Orb.
     0 | D:1      | Reached XP level 1. HP: 12/12 MP: 1/1
   184 | D:1      | Reached XP level 2. HP: 18/18 MP: 2/2
   314 | D:1      | Reached XP level 3. HP: 22/22 MP: 3/3
   707 | D:1      | Reached XP level 4. HP: 27/27 MP: 4/4
   860 | D:2      | Found an iron altar of Okawaru.
   878 | D:2      | Found a faded altar of an unknown god.
   891 | D:2      | Identified the ring "Plog" {MP+9 Int+3 Dex+3}
  1036 | D:2      | Noticed Sigmund
  1040 | D:2      | Killed Sigmund
  1041 | D:2      | Reached XP level 5. HP: 33/33 MP: 5/5
  1041 | D:2      | Reached XP level 6. HP: 38/38 MP: 6/6
  1867 | D:3      | Noticed Jessica
  1872 | D:3      | Killed Jessica
  1873 | D:3      | Reached skill level 5 in Short Blades
  1931 | D:3      | You fall into a shaft and drop 3 floors!
  1958 | D:5      | Entered Level 5 of the Dungeon
  1971 | D:5      | Reached XP level 7. HP: 43/43 MP: 7/7
  2165 | D:5      | Found a basalt altar of Yredelemnul.
  2372 | D:5      | Noticed Pikel
  2900 | D:4      | Noticed Natasha
  2904 | D:4      | Killed Natasha
  2926 | D:4      | Noticed Grinder
  2936 | D:4      | Killed Grinder
  2937 | D:4      | Reached skill level 5 in Fighting
  2937 | D:4      | Reached skill level 5 in Dodging
  2937 | D:4      | Reached XP level 8. HP: 45/49 MP: 8/8
  3015 | D:4      | Noticed Natasha
  3021 | D:4      | Killed Natasha
  3035 | D:4      | Found a staircase to the Ecumenical Temple.
  3138 | Temple   | Entered the Ecumenical Temple
  3178 | Temple   | Became a worshipper of Dithmenos the Shadowed
  3406 | D:4      | Noticed Natasha
  3415 | D:4      | Killed Natasha
  4085 | D:3      | Found a glowing silver altar of Zin.
  4085 | D:3      | Found a glowing golden altar of the Shining One.
  4110 | D:3      | Found a white marble altar of Elyvilon.
  4665 | D:6      | HP: 1/51 [iguana (6)]
  4836 | D:5      | Killed Pikel
  4837 | D:5      | Reached XP level 9. HP: 22/56 MP: 9/9
  5466 | D:6      | Reached * piety under Dithmenos
  5868 | D:6      | Reached skill level 10 in Stealth
  6475 | D:7      | Found Puits's Magic Scroll Shoppe.
  6497 | D:7      | Noticed a hornet
  6506 | D:7      | Paralysed by a hornet for 2 turns
  6685 | D:7      | Reached XP level 10. HP: 61/63 MP: 10/10
  7188 | D:7      | Noticed a two-headed ogre
  7422 | D:7      | Killed a two-headed ogre
  7423 | D:7      | Reached skill level 10 in Short Blades
  7581 | D:7      | Noticed a gargoyle
  7581 | D:7      | Noticed a gargoyle
  7582 | D:7      | Noticed a gargoyle
  7585 | D:7      | Killed a gargoyle
  7589 | D:7      | Killed from afar by a gargoyle

Illustrated notes

Levels and vault maps discovered:
D:1:      matt_arrival_los_fun, layout_rooms, reono_crystal_passage,
          st_stairs_1, minmay_indecisive_spiral
D:2:      layout_basic, basic_altar, ebering_ecumenical_altar_box, uniq_sigmund
D:3:      layout_basic, dreamdust_divine_triumvirate, uniq_jessica
D:4:      layout_basic, minmay_temple_entry_poolview, hex_medium, uniq_grinder,
          uniq_natasha
D:5:      layout_loops_ring, lemuel_zombie_altar_yredelemnul, uniq_pikel
D:6:      layout_basic
D:7:      minmay_the_grid_triangle_9x9_rhombus_thin
          [minmay_the_grid_triangle_9x9_skeleton,
          minmay_the_grid_triangle_9x9_prize_center,
          minmay_the_grid_triangle_9x9_negative_grid,
          minmay_the_grid_triangle_9x9_checkered], layout_cave_pools,
          serial_shops, shop
Temple:   dpeg_three_leaves_temple

Skill      XL: |  1  2  3  4  5  6  7  8  9 10 |
---------------+-------------------------------+-----
Short Blades   | 3 4 5 6 7 9 10 | 10.4
Dodging        | 2 3 4 5 6 7 9 |  9.3
Fighting       | 3 4 5 6 7 8 |  8.8
Stealth        | 6 7 8 9 10 | 10.2
Throwing       | |  2.1

Action                     |  1- 3 |  4- 6 |  7- 9 | 10-12 || total
---------------------------+-------+-------+-------+-------++-------
  Melee: Dagger            |    81 |   122 |   246 |    86 ||   535
         Punch             |       |     1 |     6 |     2 ||     9
    Use: Scroll            |       |       |    10 |     1 ||    11
         Potion            |       |       |     4 |       ||     4
   Stab: Sleeping          |    13 |    13 |    26 |     1 ||    53
         Distracted        |       |       |     4 |     2 ||     6
 Armour: Robe              |     8 |       |       |       ||     8
         Leather armour    |       |    14 |    24 |     3 ||    41
  Dodge: Dodged            |    44 |    63 |   154 |    53 ||   314

Table legend: (Time is in decaauts)
 A = Elapsed time spent in this place.
 B = Non-inter-level travel time spent in this place.
 C = Inter-level travel time spent in this place.
 D = Time resting spent in this place.
 E = Time spent auto-exploring this place.
 F = Levels seen in this place.
 G = Mean time per level.
                   A        B        C        D        E       F      G
               +--------+--------+--------+--------+--------+-----+--------+
         Total |   7459 |   7173 |    286 |   1067 |   4795 |   8 |  932.4 |
       Dungeon |   7411 |   7133 |    278 |   1067 |   4769 |   7 | 1058.7 |
        Temple |     48 |     40 |      8 |      0 |     26 |   1 |   48.0 |
               +--------+--------+--------+--------+--------+-----+--------+

Top non-repeatable levels by time:
     D:6: 1625 daAuts
     D:5: 1288 daAuts
     D:4: 1237 daAuts
     D:3: 896 daAuts
     D:2: 835 daAuts
     D:1: 764 daAuts
     D:7: 763 daAuts
  Temple: 48 daAuts
